 Dungeon Crawl Stone Soup version 0.25-a0-502-g6516661 (webtiles) character file.

Game seed: 9876719350424714862, levelgen mode: deterministic

19 15 the Ruffian (level 2, -1/23 HPs)
             Began as a Draconian Transmuter on Feb 12, 2020.
             Killed from afar by a rat (22 damage)
             ... with an exploding inner flame
             ... hexed by the player character
             ... on level 1 of the Dungeon.
             The game lasted 00:02:26 (370 turns).

15 the Ruffian (Draconian Transmuter)                Turns: 370, Time: 00:02:29

Health: -1/23      AC:  5    Str: 12    XL:     2   Next: 55%
Magic:  5/5        EV: 12    Int: 13    God:
Gold:   57         SH:  0    Dex: 11    Spells: 4/5 levels left

rFire    . . .     SeeInvis .     - Unarmed
rCold    . . .     Gourm    .   (no shield)
rNeg     . . .     Faith    .   (armour unavailable)
rPois    .         Spirit   .   (helmet restricted)
rElec    .         Reflect  .   d - +0 cloak (curse)
rCorr    .         Harm     .   (no gloves)
MR       .....                  (no boots)
Stlth    +.........             (no amulet)
HPRegen  0.07/turn              (no ring)
MPRegen  0.09/turn              (no ring)

@: no status effects
A: unfitting armour, cold-blooded, AC +4
a: no special abilities


You were on level 1 of the Dungeon.
You were not hungry.

You visited 1 branch of the dungeon, and saw 1 of its levels.

You collected 57 gold pieces.

Inventory:

Missiles
 a - 26 arrows
Armour
 d - a cursed +0 cloak (worn)
Scrolls
 b - 3 scrolls of identify
 e - a scroll of fear
 h - a scroll of teleportation {unknown}
Comestibles
 c - 5 rations
 f - 7 chunks of flesh


   Skills:
 + Level 1.1 Fighting
 + Level 1.9 Dodging
 + Level 3.5 Unarmed Combat
 + Level 2.2 Spellcasting
 + Level 2.1 Transmutations


You had 4 spell levels left.
You knew the following spells:

 Your Spells              Type           Power        Failure   Level  Hunger
a - Beastly Appendage     Tmut           #.....       11%         1    ##.....

Your spell library contained the following spells:

 Spells                   Type           Power        Failure   Level  Hunger
 Sticks to Snakes         Tmut           #.......     16%         2    ###....
 Spider Form              Tmut/Pois      #.........   43%         3    ####...
 Ice Form                 Ice/Tmut       #.......     85%         4    #####..
 Blade Hands              Tmut           #.........   96%         5    ######.


Dungeon Overview and Level Annotations

Branches:
Dungeon (1/15)

Altars:


Innate Abilities, Weirdness & Mutations

Your plain brown scales are hard. (AC +4)
You cannot fit into any form of body armour.
You are cold-blooded and may be slowed by cold attacks.


Message History

Okay, then.
Really read the scroll of immolation?
As you read the scroll of immolation, it crumbles to dust.
The creatures around you are filled with an inner flame!
The jackal barks!
A jackal comes into view.
The jackal barks!
You hit the rat.
The rat explodes!
The fiery explosion engulfs the frilled lizard!!
The frilled lizard explodes!
The fiery explosion engulfs the jackal!!
You kill the jackal!
The fiery explosion engulfs the jackal!!
The jackal explodes!
The fiery explosion engulfs the jackal!!
The jackal explodes!
The fiery explosion engulfs you!!
Ouch! That really hurt!
You die...

#...'......
#####.###......
#......########
#...÷..# ###
#......# ....
#(.....# .....
#####......#
....§§#§§....##+##
....§§§§@.......#
....§§#§§....####
##### ########
####### ##......
##.....#.
##.....###
##.....####
##.....#....


There were no monsters in sight!

Vanquished Creatures
  2 bats (D:1)
  4 goblins (D:1)
  2 hobgoblins (D:1)
  3 jackals (D:1)
  3 frilled lizards (D:1)
  A kobold (D:1)
  2 rats (D:1)
17 creatures vanquished.

Notes
Turn   | Place    | Note
-------+----------+-------------------------------------------
     0 | D:1      | 15 the Draconian Transmuter began the quest for the Orb.
     0 | D:1      | Reached XP level 1. HP: 16/16 MP: 3/3
   274 | D:1      | Reached XP level 2. HP: 21/23 MP: 5/5
   370 | D:1      | Killed from afar by a rat

Levels and vault maps discovered:
D:1:      onia_arrival_pyramid, layout_basic, minmay_misc_feat_nine_boxes,
          corexii_hall_statues_i

Action                   || total
-------------------------++-------
Melee: Unarmed           ||    39
       Kick              ||     2
       Tailslap          ||     2
 Cast: Beastly Appendage ||     2
  Use: Scroll            ||     3
 Stab: Sleeping          ||     1
Armor: Skin              ||    14
Dodge: Dodged            ||    30

Table legend:
 A = Non-vault XP
 B = Vault XP
 C = Vault XP percentage of total XP
 D = Non-vault monster count
 E = Vault monster count
 F = Vault count percentage of total count
                 A         B        C        D         E       F
            +---------+---------+-------+---------+---------+-------
      Total |      28 |       0 |   0.0 |      17 |       0 |   0.0
            +---------+---------+-------+---------+---------+-------
        D:1 |      28 |       0 |   0.0 |      17 |       0 |   0.0
            +---------+---------+-------+---------+---------+-------
